 Dungeon Crawl Stone Soup version 0.30-a0-509-gd016549fea (webtiles) character file.

Game seed: 461780375008636825

1082 zishaf the Magician (level 8, -1/59 HPs)
             Began as a Djinni Venom Mage on Dec 22, 2022.
             Was a Follower of Makhleb.
             Slain by an iguana (12 damage)
             ... on level 6 of the Dungeon.
             The game lasted 00:07:42 (4942 turns).

zishaf the Magician (Djinni Venom Mage)             Turns: 4942, Time: 00:07:43

Health: -1/59      AC:  3    Str:  7    XL:     8   Next: 55%
Gold:   228        EV: 12    Int: 18    God:    Makhleb [*.....] SH:  0 Dex: 15

rFire   + + .      SeeInvis .    u - +1 falchion (venom)
rCold   x . .      Faith    +    (no shield)
rNeg    + . .      Spirit   .    a - +0 robe
rPois   ∞          Reflect  .    d - +0 helmet
rElec   .          Harm     .    (no cloak)
rCorr   .          Rampage  .    (no gloves)
Will    .....                    (boots unavailable)
Stlth   ++........               r - amulet of faith
HPRegen 0.29/turn                m - ring of positive energy
MPRegen 0.00/turn                (no ring)

@: flying
A: sickness immunity, fire resistance 2, cold vulnerability 1, float, innate
caster, HP casting, extra vitality 1
a: Renounce Religion


You were on level 6 of the Dungeon.
You worshipped Makhleb.
Makhleb was aware of your devotion.
You visited 1 branch of the dungeon, and saw 7 of its levels.

You collected 228 gold pieces.

Inventory:

Hand Weapons
 c - a +0 short sword
 u - a +1 falchion of venom (weapon)
Missiles
 y - a throwing net
Armour
 a - a +0 robe (worn)
 d - a +0 helmet (worn)
Jewellery
 m - a ring of positive energy (left hand)
 r - an amulet of faith (around neck)
 w - an amulet of reflection
Wands
 z - a wand of flame (12)
 A - a wand of polymorph (7)
Scrolls
 e - a scroll of teleportation
 j - a scroll of vulnerability
 n - 2 scrolls of immolation
Potions
 b - a potion of flight {unknown}
 f - a potion of haste
 g - 3 potions of curing
 h - a potion of lignification {unknown}
 i - a potion of mutation {unknown}
 s - 3 potions of degeneration
 t - a potion of berserk rage {unknown}
 v - a potion of might {unknown}
 x - a potion of brilliance {unknown}


   Skills:
 + Level 5.3 Fighting
 - Level 2.1 Dodging
 - Level 1.5 Stealth
 + Level 5.9 Spellcasting
 + Level 2.8 Invocations


You had 3 spell levels left.
You knew the following spells:

 Your Spells              Type           Power      Damage    Failure   Level
a - Sting                 Tmut/Pois      100%       1d8       1%          1
b - Poisonous Vapours     Pois/Air       52%        N/A       1%          2
c - Freeze                Ice            100%       1d10      1%          1
d - Passwall              Tmut/Erth      21%        N/A       1%          2
z - Mephitic Cloud        Conj/Pois/Air  26%        N/A       3%          3
A - Olgreb's Toxic Radia  Pois           26%        N/A       11%         4
B - Blink                 Tloc           52%        N/A       1%          2
Your spell library was empty.

Dungeon Overview and Level Annotations

Branches:
Dungeon (7/15)
 Temple: D:4-7

Altars:
Makhleb
Qazlal

Shops:
D:2 :


Innate Abilities, Weirdness & Mutations

You are immune to sickness and miasma.
You are immune to poison.
Your flesh is very heat resistant. (rF++)
You are vulnerable to cold. (rC-)
You float through the air rather than walking.
You learn spells naturally, not from books.
Your magical power is your life essence.
You have superior vitality. (+4 MHP)


Message History

Casting: Sting (safe; 1% risk of failure)
Confirm with . or Enter, or press ? or * to list all spells.
Aiming: Sting (safe; 1% risk of failure)
Press: ? - help, Shift-Dir - straight line, f - iguana
Aim: an iguana (81% to hit)
The sting hits the iguana.
The iguana is poisoned.
The iguana is lightly wounded.
The iguana misses you.
Casting: Sting (safe; 1% risk of failure)
Confirm with . or Enter, or press ? or * to list all spells.
Aiming: Sting (safe; 1% risk of failure)
Press: ? - help, Shift-Dir - straight line, f/p - iguana
Aim: an iguana (lightly wounded, poisoned, 81% to hit)
The sting misses the iguana.
The iguana closely misses you. The iguana bites you!
* * * LOW HITPOINT WARNING * * *
You fly downwards.
There is a stone staircase leading up here.
Casting: Sting (safe; 1% risk of failure)
Confirm with . or Enter, or press ? or * to list all spells.
Aiming: Sting (safe; 1% risk of failure)
Press: ? - help, Shift-Dir - straight line, f - iguana
Aim: an iguana (moderately wounded, poisoned, 81% to hit)
The sting hits the iguana but does no damage.
The iguana looks even sicker.
The iguana is moderately wounded.
* * * LOW HITPOINT WARNING * * *
The iguana hisses menacingly.
The iguana bites you.
* * * LOW HITPOINT WARNING * * *
Casting: Sting (safe; 1% risk of failure)
Confirm with . or Enter, or press ? or * to list all spells.
Aiming: Sting (safe; 1% risk of failure)
Press: ? - help, Shift-Dir - straight line, f/p - iguana
Aim: an iguana (moderately wounded, very poisoned, 81% to hit)
The sting hits the iguana.
The iguana looks even sicker.
The iguana is heavily wounded.
* * * LOW HITPOINT WARNING * * *
The iguana bites you!
You die...

##+ #+## .#
#..##..######.##
.............#
........... #..##...#
#..##...###### ##
#..'....#....#
.#######..#....'.l..#
.....†....#....#@...#
...)......#....#....#
#####################


You could see an iguana (very poisoned).

Vanquished Creatures
  Grinder (D:3)
  Sigmund (D:2)
  An ogre (D:5)
  A centaur (D:6)
  A necrophage (D:4)
  A howler monkey (D:6)
  A gnoll bouda (D:3)
  2 hounds (D:4)
  An iguana (D:5)
  Terence (D:3)
  2 orc wizards
  Robin (D:3)
  6 adders
  11 gnolls
  A white imp (D:4)
  2 worms (D:2)
  A dart slug (D:1)
  7 orcs
  7 endoplasms
  4 giant cockroaches
  8 hobgoblins
  12 kobolds
  3 quokkas
  9 ball pythons
  8 bats
  4 frilled lizards
  10 goblins
  5 rats
112 creatures vanquished.

Vanquished Creatures (others)
  An ufetubus (D:6)
  3 plants (D:3)
4 creatures vanquished.

Grand Total: 116 creatures vanquished

Notes
Turn   | Place    | Note
-------+----------+-------------------------------------------
     0 | D:1      | zishaf the Djinni Venom Mage began the quest for the Orb.
     0 | D:1      | zishaf set off with the following spells memorised: Sting,
                  | Poisonous Vapours, Mephitic Cloud, Olgreb's Toxic Radiance.
     0 | D:1      | Reached XP level 1. HP: 15/15 MP: 0/0
   130 | D:1      | Reached XP level 2. HP: 21/22 MP: 0/0
   210 | D:1      | Reached skill level 1 in Fighting
   502 | D:1      | Reached XP level 3. HP: 24/27 MP: 0/0
   502 | D:1      | Learned a level 1 spell: Freeze
  1184 | D:2      | Noticed Sigmund
  1198 | D:2      | Reached XP level 4. HP: 17/33 MP: 0/0
  1213 | D:2      | Killed Sigmund
  1214 | D:2      | Reached XP level 5. HP: 14/40 MP: 0/0
  1214 | D:2      | Learned a level 2 spell: Blink
  1214 | D:2      | Reached XP level 6. HP: 15/45 MP: 0/0
  1528 | D:2      | Found Gughomog's Book Boutique.
  1804 | D:2      | Found a stormy altar of Qazlal.
  1820 | D:2      | Found a faded altar of an unknown god.
  2495 | D:3      | Noticed Grinder
  2517 | D:3      | Killed Grinder
  2518 | D:3      | Reached skill level 5 in Spellcasting
  2518 | D:3      | Reached XP level 7. HP: 8/51 MP: 0/0
  2518 | D:3      | Learned a level 2 spell: Passwall
  2756 | D:3      | Noticed Terence
  2772 | D:3      | Killed Terence
  2953 | D:3      | Noticed Robin
  2963 | D:3      | Killed Robin
  3132 | D:3      | Found the +3 pair of seven-league boots {Rampage+∞}
  3499 | D:3      | Found a burning altar of Makhleb.
  3719 | D:3      | Became a worshipper of Makhleb the Destroyer
  3921 | D:4      | Reached skill level 1 in Invocations
  3921 | D:4      | Reached XP level 8. HP: 33/58 MP: 0/0
  4728 | D:4      | You are sucked into a shaft and drop 3 floors!
  4847 | D:6      | Reached * piety under Makhleb
  4909 | D:6      | Reached skill level 5 in Fighting
  4916 | D:5      | Entered Level 5 of the Dungeon
  4942 | D:6      | Slain by an iguana

Illustrated notes

Levels and vault maps discovered:
D:1:      pf_arrival_petrified_forest, layout_loops_ring
D:2:      minmay_skewed_foursquare, layout_loops_ring, basic_altar,
          serial_shops, nicolae_shop_hallway_stairs,
          hellmonk_ecumenical_altar_crossroads, uniq_sigmund
D:3:      layout_loops_corners, mainiacjoe_overflow_alcove_4,
          supply_closet_lemuel, nicolae_grassy_gnolls, uniq_grinder, uniq_robin,
          uniq_terence
D:4:      layout_basic, fedhas_altar_4, hangedman_decor_peaks_small
D:5:      layout_basic, st_stairs_11, uniq_pikel
D:6:      layout_gridville, grunt_temple_overflow_order_and_chaos_1,
          mainiacjoe_overflow_surrounded_room, dk_yredelemnul_ordeal,
          uniq_crazy_yiuf_cottage
D:7:      minmay_s_stair_smasher, layout_rooms, minmay_temple_entry_glassed_door

Skill      XL: |  1  2  3  4  5  6  7  8 |
---------------+-------------------------+-----
Fighting       | 1 2 3 4 5 |  5.3
Spellcasting   | 3 4 5 |  5.9
Invocations    | 1 2 |  2.8
Dodging        | |  2.1
Stealth        | |  1.5

Action                   |  1- 3 |  4- 6 |  7- 9 || total
-------------------------+-------+-------+-------++-------
Melee: Short sword       |       |     9 |       ||     9
       Falchion          |       |       |    12 ||    12
 Cast: Sting             |    77 |    46 |    72 ||   195
       Poisonous Vapours |     4 |    13 |     5 ||    22
       Mephitic Cloud    |     1 |     2 |    11 ||    14
       Freeze            |       |       |    10 ||    10
       Olgreb's Toxic Ra |       |       |     6 ||     6
  Use: Potion            |       |     2 |       ||     2
       Scroll            |       |       |     9 ||     9
 Stab: Confused          |       |       |     1 ||     1
Armor: Robe              |     9 |     6 |     4 ||    19
Dodge: Dodged            |    15 |    28 |    35 ||    78

Table legend: (Time is in decaauts)
 A = Elapsed time spent in this place.
 B = Non-inter-level travel time spent in this place.
 C = Inter-level travel time spent in this place.
 D = Time resting spent in this place.
 E = Time spent auto-exploring this place.
 F = Levels seen in this place.
 G = Mean time per level.
                   A        B        C        D        E       F      G
               +--------+--------+--------+--------+--------+-----+--------+
         Total |   4923 |   4739 |    184 |    219 |   3804 |   7 |  703.3 |
       Dungeon |   4923 |   4739 |    184 |    219 |   3804 |   7 |  703.3 |
               +--------+--------+--------+--------+--------+-----+--------+

Top non-repeatable levels by time:
     D:3: 1561 daAuts
     D:2: 1328 daAuts
     D:4: 980 daAuts
     D:1: 838 daAuts
     D:6: 119 daAuts
     D:7: 71 daAuts
     D:5: 24 daAuts
